 Dungeon Crawl Stone Soup version 0.21.1-1-g345015fe64 (webtiles) character file.

185 RepoMan the Firebug (level 5, -1/38 HPs)
             Began as a Demigod Fire Elementalist on June 6, 2018.
             Killed from afar by an orc wizard (4 damage)
             ... with a magic dart
             ... on level 3 of the Dungeon.
             The game lasted 00:18:32 (3634 turns).

RepoMan the Firebug (Demigod Fire Elementalist)     Turns: 3634, Time: 00:18:35

Health: -1/38      AC:  2    Str: 11    XL:     5   Next: 14%
Magic:  0/12       EV: 12    Int: 26    God:
Gold:   69         SH:  0    Dex: 16    Spells: 3/9 levels left

rFire    . . .     SeeInvis .   (no weapon)
rCold    . . .     Gourm    .   (no shield)
rNeg     . . .     Faith    .   a - +0 robe
rPois    .         Spirit   .   (no helmet)
rElec    .         Reflect  .   (no cloak)
rCorr    .         Harm     .   (no gloves)
MR       .....                  (no boots)
Stlth    ++........             (no amulet)
HPRegen  0.12/turn              (no ring)
MPRegen  0.13/turn              (no ring)

@: brilliant
A: high mp 1
a: no special abilities


You were on level 3 of the Dungeon.
You were not hungry.

You visited 1 branch of the dungeon, and saw 3 of its levels.

You collected 69 gold pieces.

Inventory:

Hand Weapons
 o - a +0 mace
Armour
 a - a +0 robe (worn)
Jewellery
 d - a +3 ring of evasion {unknown}
 n - an uncursed ring of stealth {unknown}
Scrolls
 f - 3 scrolls of identify {unknown}
 i - 2 scrolls of teleportation {unknown}
 k - a scroll of blinking {unknown}
 l - a scroll of fog {unknown}
 r - a scroll of random uselessness {unknown}
Potions
 e - 2 potions of flight {unknown}
 g - 2 potions of haste {unknown}
 h - a potion of resistance {unknown}
 j - 2 potions of heal wounds {unknown}
 m - a potion of brilliance
 p - a potion of magic {unknown}
 q - 2 potions of cancellation {unknown}
Books
 b - a book of Flames

   Spells                             Type                      Level
   a - Flame Tongue                   Conjuration/Fire             1
   b - Throw Flame                    Conjuration/Fire             2
   c - Conjure Flame                  Conjuration/Fire             3
   d - Inner Flame                    Hexes/Fire                   3
   e - Sticky Flame                   Conjuration/Fire             4
   f - Fireball                       Conjuration/Fire             5
Comestibles
 c - 3 rations


   Skills:
 - Level 1.7 Dodging
 - Level 1.7 Stealth
 + Level 2.7 Spellcasting
 + Level 2.3 Conjurations
 * Level 4.4 Fire Magic


You had 3 spell levels left.
You knew the following spells:

 Your Spells              Type           Power        Failure   Level  Hunger
a - Flame Tongue          Conj/Fire      #####        1%          1    None
c - Conjure Flame         Conj/Fire      #####...     1%          3    ###....
t - Throw Flame           Conj/Fire      #####.       1%          2    ##.....


Dungeon Overview and Level Annotations

Branches:
Dungeon (3/15)


Innate Abilities, Weirdness & Mutations

You have an increased reservoir of magic. (+10% MP)


Message History

Something hits you.
The orc wizard gestures wildly while chanting.
The orc wizard seems to speed up.
The orc priest hits you with a club.
Okay, then.
Okay, then.
You hit the orc priest.
You kill the orc priest!
You have reached level 5!
Something hits you.
You hear some strange, mumbled words.
A puff of flame appears from out of thin air!
The puff of flame hits you!
* * * LOW HITPOINT WARNING * * *
It was a potion of brilliance.
You feel clever all of a sudden. The orc wizard barely misses you.
Something hits you.
* * * LOW HITPOINT WARNING * * *
The orc wizard casts a spell at you. The magic dart hits you!
You die...

.........########....
..................##.
#######......####....
###...#### ###..
#....### #.#
#.##...## #.#
##.####..### #.# #..#
##...#####.#
########@##
###.....#.#
#.......o# #####.#..
##.....)#######
##.... ######.......#
#..... ###.###.##
#..... #..##..#
#.##.. ##'###.#
####.# .). #.### #.#
####$8.8$#...######.#


You could see an orc wizard.

Vanquished Creatures
  An orc priest (D:3)
  An orc wizard (D:3)
  4 adders
  An ooze (D:2)
  A worm (D:3)
  3 dart slugs
  14 orcs (D:3)
  5 bats
  2 giant cockroaches
  6 hobgoblins
  3 ball pythons
  6 frilled lizards
  5 goblins
  10 kobolds
  3 rats
65 creatures vanquished.

Notes
Turn   | Place    | Note
-------+----------+-------------------------------------------
     0 | D:1      | RepoMan the Demigod Fire Elementalist began the quest for the Orb.
     0 | D:1      | Reached XP level 1. HP: 14/14 MP: 5/5
    62 | D:1      | Reached skill level 1 in Conjurations
   307 | D:1      | Reached skill level 3 in Fire Magic
   513 | D:1      | Reached XP level 2. HP: 10/20 MP: 4/7
   884 | D:1      | Learned a level 2 spell: Throw Flame
  1390 | D:2      | Reached XP level 3. HP: 23/26 MP: 1/8
  1395 | D:2      | Learned a level 3 spell: Conjure Flame
  1493 | D:2      | Found a sparkling altar of Nemelex Xobeh.
  1622 | D:2      | Found a shadowy altar of Dithmenos.
  2005 | D:2      | Found a deep blue altar of Sif Muna.
  2581 | D:3      | Reached XP level 4. HP: 33/33 MP: 6/10
  2702 | D:3      | Reached skill level 4 in Fire Magic
  2941 | D:3      | Found a roughly hewn altar of Beogh.
  3632 | D:3      | Reached XP level 5. HP: 19/38 MP: 0/12
  3634 | D:3      | Killed from afar by an orc wizard

Skill      XL: |  1  2  3  4 |
---------------+-------------+-----
Conjurations   | 1 2 |  2.3
Fire Magic     | 3 4 |  4.4
Spellcasting   | 2 |  2.7
Dodging        | |  1.7
Stealth        | |  1.7

Action                   |  1- 3 |  4- 6 || total
-------------------------+-------+-------++-------
Melee: Unarmed           |     2 |     5 ||     7
 Cast: Flame Tongue      |    69 |    53 ||   122
       Throw Flame       |     2 |     3 ||     5
       Conjure Flame     |     3 |     1 ||     4
  Use: Potion            |       |     1 ||     1
 Stab: Sleeping          |     1 |       ||     1
  Eat: Chunk             |     6 |     3 ||     9
Armor: Robe              |     5 |     5 ||    10
Dodge: Dodged            |    10 |    18 ||    28
